Map: Lost and Found LE

Players

Lambo - Winner!

  • Race: Zerg Zerg
  • Spawn Location: 1:00

Zanster

  • Race: Zerg Zerg
  • League: Master
  • Spawn Location: 7:00

Event: WCS Austin 2018

VOD

Have the link to the VOD?

Description

Time

  • Played on: June 1, 2018, 5:20 p.m.
  • Length: 7:09

All games in this series

Show
View Real Time Build Order
Export as new Build Order

Lambo Zerg - Winner!

Build Orders: Hatch First 

Get SALT Encoding   

  12  0:00  Drone  
  13  0:13  Overlord  
  13  0:17  Drone  
  14  0:32  Drone x2  
  16  0:47  Hatchery  
  15  0:51  Drone  
  15  0:55  Drone  
  17  0:58  Drone  
  18  1:09  Extractor  
  17  1:13  Spawning Pool  
  17  1:16  Drone  
  17  1:19  Drone  
  18  1:28  Drone  
  19  1:39  Drone  
  20  1:51  Overlord  
  20  2:00  Queen x2  
  20  2:01  Drone x2  
  26  2:10  Drone  
  26  2:11  Drone  
  28  2:21  Drone  
  28  2:22  Drone  
  30  2:35  Evolution Chamber, Spine Crawler, Zergling x4  
  30  2:38  Queen  
  30  2:43  Roach Warren  
  31  2:48  Evolution Chamber  
  31  2:51  Drone x2  
  32  2:58  Evolution Chamber  
  31  3:01  Drone  
  32  3:10  Queen  
  32  3:15  Drone x2  
  32  3:19  Evolution Chamber  
  33  3:24  Drone  
  35  3:32  Roach x2  
  36  3:41  Evolution Chamber  
  36  3:43  Overlord  
  35  3:55  Overlord  
  35  3:57  Drone  
  35  3:58  Overlord  
  36  4:12  Drone x6  
  40  4:20  Extractor  
  40  4:22  Metabolic Boost  
  39  4:26  Drone  
  39  4:30  Drone  
  39  4:39  Roach  
  39  4:40  Roach x2  
  39  4:45  Roach x2  
  49  4:50  Roach  
  51  4:56  Roach x2  
  51  4:59  Roach  
  59  5:00  Roach  
  59  5:01  Overlord  
  59  5:07  Overlord  
  59  5:17  Zergling x2  
  59  5:18  Overlord  
  59  5:20  Overlord  
  60  5:23  Zergling x4  
  63  5:28  Zergling x6  
  63  5:34  Zergling x6  
  68  5:37  Baneling Nest  
  68  5:38  Zergling x2  
  68  5:39  Zergling x2  
  69  5:45  Zergling x4  
  71  5:54  Zergling x4  
  73  5:58  Zergling x2  
  73  5:59  Zergling x4  
  75  6:08  Zergling x2  
  75  6:09  Zergling x6  
  77  6:20  Baneling  
  77  6:21  Baneling x13  
  77  6:22  Zergling x6  
  80  6:28  Zergling x4  
  80  6:29  Zergling x2  
  80  6:32  Zergling x2  
  74  6:47  Zergling x4  
  74  6:51  Zergling x6  
  74  6:53  Ravager  
Show
View Real Time Build Order
Export as new Build Order

Zanster Zerg 

Build Orders: Pool First 

Get SALT Encoding   

  12  0:00  Drone  
  13  0:09  Drone  
  14  0:30  Spawning Pool, Drone  
  14  0:34  Drone, Extractor  
  14  0:58  Hatchery  
  14  1:02  Drone  
  14  1:08  Extractor  
  14  1:09  Drone  
  15  1:17  Overlord  
  15  1:35  Queen  
  17  1:40  Metabolic Boost  
  17  1:42  Zergling x2  
  17  1:46  Zergling x2  
  19  1:50  Zergling x2  
  20  1:55  Zergling x2  
  21  2:06  Zergling x2  
  22  2:10  Queen  
  22  2:11  Zergling x2  
  25  2:19  Overlord  
  25  2:31  Zergling x4  
  27  2:39  Zergling x4  
  29  2:45  Zergling x6  
  29  2:46  Zergling x2  
  33  2:51  Zergling x2  
  33  2:55  Zergling x2  
  35  3:01  Zergling x2  
  35  3:07  Zergling x2  
  35  3:12  Overlord  
  34  3:17  Drone x2  
  35  3:33  Drone  
  35  3:35  Drone  
  35  3:37  Drone x5  
  39  3:44  Drone  
  37  3:53  Drone x4  
  37  3:54  Drone  
  41  3:58  Drone  
  41  4:00  Overlord  
  42  4:03  Drone  
  42  4:15  Evolution Chamber  
  39  4:22  Drone x4  
  41  4:31  Hatchery  
  41  4:34  Drone x2  
  41  4:36  Drone  
  41  4:37  Drone x3  
  45  4:39  Drone  
  45  4:40  Extractor  
  45  4:41  Drone  
  45  4:46  Overlord  
  45  4:56  Queen  
  47  5:04  Zerg Melee Weapons Level 1  
  47  5:06  Zergling x2  
  47  5:07  Zergling x8  
  49  5:09  Drone x3  
  49  5:10  Drone  
  56  5:18  Hatchery  
  56  5:19  Drone  
  56  5:24  Evolution Chamber  
  56  5:27  Zergling x2  
  56  5:29  Zergling x8  
  56  5:33  Overlord  
  60  5:36  Overlord  
  59  5:44  Zergling x10  
  59  5:48  Baneling Nest  
  63  5:53  Zergling x2  
  63  5:55  Overlord  
  64  5:58  Zergling x2  
  64  6:00  Zergling x2  
  64  6:01  Zergling x4  
  68  6:05  Zergling x8  
  72  6:12  Zergling x4  
  74  6:19  Zergling x4  
  74  6:21  Overlord  
  76  6:31  Baneling  
  76  6:32  Baneling x6  
  68  6:34  Zergling x2  
  68  6:35  Zergling x16  
  72  6:40  Baneling x2  
  72  6:41  Zergling x6  
  72  6:42  Zergling x2  
  65  6:48  Zergling x6  
  65  6:51  Zergling x2  
Tags
 
Add a new tag
Caveats
  • Supply blocks, unpowered buildings, or Contaminate may cause inaccurate times.
  • Supply counts are checked every 10 seconds.